 Dungeon Crawl Stone Soup version 0.28.0-53-g5a82cb258f (webtiles) character file.

Game seed: 14899308944712752792

1 Hylith the Caller (level 1, 0/13 HPs)
             Began as a Demonspawn Summoner on June 8, 2022.
             Slain by a hobgoblin (1 damage)
             ... on level 1 of the Dungeon.
             The game lasted 00:01:04 (81 turns).

Hylith the Caller (Demonspawn Summoner)               Turns: 81, Time: 00:01:05

Health: 0/13       AC:  2    Str:  8    XL:     1   Next: 16%
Magic:  0/3        EV: 12    Int: 16    God:
Gold:   0          SH:  0    Dex: 13    Spells: 3/4 levels left

rFire   . . .      SeeInvis .   b - +0 dagger
rCold   . . .      Faith    .   (no shield)
rNeg    . . .      Spirit   .   a - +0 robe
rPois   .          Reflect  .   (no helmet)
rElec   .          Harm     .   (no cloak)
rCorr   .          Rampage  .   (no gloves)
Will    .....                   (no boots)
Stlth   ++........              (no amulet)
HPRegen 0.04/turn               (no ring)
MPRegen 0.08/turn               (no ring)

@: no status effects
A: no striking features
a: no special abilities


You were on level 1 of the Dungeon.
You visited 1 branch of the dungeon, and saw 1 of its levels.

Inventory:

Hand Weapons
 b - a +0 dagger (weapon)
Armour
 a - a +0 robe (worn)
Scrolls
 c - a scroll of identify {unknown}


   Skills:
 + Level 1.8 Dodging
 + Level 1.8 Stealth
 + Level 2.0 Spellcasting
 + Level 4.0 Summonings


You had 3 spell levels left.
You knew the following spells:

 Your Spells              Type           Power      Damage    Failure   Level
a - Summon Small Mammal   Summ           56%        N/A       4%          1

Your spell library contained the following spells:

 Spells                   Type           Power      Damage    Failure   Level
 Call Imp                 Summ           14%        N/A       6%          2
 Call Canine Familiar     Summ           14%        N/A       12%         3
 Summon Guardian Golem    Hex/Summ       8%         N/A       26%         3
 Summon Lightning Spire   Summ/Air       8%         N/A       65%         4


Dungeon Overview and Level Annotations

Branches:
Dungeon (1/15)

Altars:


Message History

You hit the goblin but do no damage.
Your bat barely misses the goblin.
Your bat closely misses the goblin.
The goblin hits you but does no damage.
Your bat closely misses the hobgoblin.
You barely miss the goblin. Your bat hits the goblin.
Your bat barely misses the goblin.
The goblin hits your bat with a +0 club.
Your bat barely misses the goblin.
You miss the goblin. You punch the goblin, but do no damage.
The goblin is moderately wounded.
Your bat misses the goblin. The goblin hits you but does no damage.
Your bat barely misses the hobgoblin.
You hit the goblin.
The goblin is severely wounded.
Your bat barely misses the hobgoblin.
Your bat closely misses the hobgoblin.
The goblin hits you with a +0 club. Something hits your bat.
Your bat dies!
Your bat's corpse disappears in a puff of smoke!
You hit the goblin.
You kill the goblin!
Casting: Summon Small Mammal (safe; 4% risk of failure)
Confirm with . or Enter, or press ? or * to list all spells.
Your bat hits the hobgoblin but does no damage.
The hobgoblin hits you.
* * * LOW HITPOINT WARNING * * *
You see here a +0 club.
You hit the hobgoblin but do no damage.
The hobgoblin is heavily wounded.
Your bat closely misses the hobgoblin. x2; The hobgoblin barely misses you.
You hit the hobgoblin but do no damage.
The hobgoblin is heavily wounded.
Your bat barely misses the hobgoblin.
Your bat misses the hobgoblin.
Your bat hits the hobgoblin but does no damage.
The hobgoblin barely misses your bat.
You closely miss the hobgoblin.
The hobgoblin is heavily wounded.
Your bat closely misses the hobgoblin.
Your bat barely misses the hobgoblin.
Your bat hits the hobgoblin but does no damage.
The hobgoblin hits you.
You die...

###### #....#
#..<.# +##....# #
###+##...###'## .
+....+.. +.gb# ##.
#..#.#.####@##
.#..###..#....#..#
..........##..###
..#.#...#.#.....#
#...#.......####
#.#.....##.#
#.....#####
#.....#..#
...#...###


You could see a hobgoblin (ally target) and a friendly bat (summoned).

Vanquished Creatures
  A goblin (D:1)
1 creature vanquished.

Vanquished Creatures (collateral kills)
  A kobold (D:1)
1 creature vanquished.

Grand Total: 2 creatures vanquished

Notes
Turn   | Place    | Note
-------+----------+-------------------------------------------
     0 | D:1      | Hylith the Demonspawn Summoner began the quest for the Orb.
     0 | D:1      | Reached XP level 1. HP: 13/13 MP: 3/3
    81 | D:1      | Slain by a hobgoblin

Illustrated notes

Levels and vault maps discovered:
D:1:      arrival_zaba_pyramid, layout_loops_ring,
          chequers_ecumenical_altar_island, nicolae_figureground_sparkle

Action                   || total
-------------------------++-------
Melee: Dagger            ||    13
       Punch             ||     1
 Cast: Summon Small Mamm ||     8
Armor: Robe              ||     3
Dodge: Dodged            ||     6
